 Dungeon Crawl Stone Soup version 0.28-a0-1567-g1695149f81 (webtiles) character file.

Game seed: 1028738149871025203

9 issech the Ducker (level 2, -1/29 HPs)
             Began as a Troll Fighter on Jan 19, 2022.
             Slain by a worm (8 damage)
             ... on level 1 of the Dungeon.
             The game lasted 00:00:27 (58 turns).

issech the Ducker (Troll Fighter)                     Turns: 58, Time: 00:00:28

Health: -1/29      AC:  4    Str: 23    XL:     2   Next: 6%
Magic:  1/1        EV:  8    Int:  4    God:
Gold:   8          SH:  7    Dex:  9    Spells: 1/1 levels left

rFire   . . .      SeeInvis .   a - +0 flail
rCold   . . .      Faith    .   c - +0 kite shield
rNeg    . . .      Spirit   .   b - +0 robe
rPois   .          Reflect  .   (helmet restricted)
rElec   .          Harm     .   (no cloak)
rCorr   .          Rampage  .   (gloves unavailable)
Will    .....                   (boots unavailable)
Stlth   +.........              (no amulet)
HPRegen 0.89/turn               (no ring)
MPRegen 0.07/turn               (no ring)

@: no status effects
A: large, unfitting armour, claws 3, regeneration 1, shaggy fur 1, tough skin 1
a: no special abilities


You were on level 1 of the Dungeon.
You visited 1 branch of the dungeon, and saw 1 of its levels.

You collected 8 gold pieces.

Inventory:

Hand Weapons
 a - a +0 flail (weapon)
Armour
 b - a +0 robe (worn)
 c - a +0 kite shield (worn)
Potions
 d - a potion of might


   Skills:
 + Level 2.5 Fighting
 + Level 1.9 Maces & Flails
 + Level 2.6 Dodging
 + Level 2.5 Shields


You had one spell level left.
You didn't know any spells.
Your spell library was empty.

Dungeon Overview and Level Annotations

Branches:
Dungeon (1/15)

Altars:


Innate Abilities, Weirdness & Mutations

You are too large for most types of armour.
You have claws for hands.
Your natural rate of healing is unusually fast.
You are covered in fur. (AC +1)
You have tough skin. (AC +1)


Message History

The rat bites you but does no damage.
You have reached level 2!
You hit the rat.
You kill the rat!
You block the giant cockroach's attack.
The giant cockroach completely misses you.
The giant cockroach bites you. The giant cockroach barely misses you.
The giant cockroach closely misses you. The worm bites you.
You block the giant cockroach's attack.
There is an open translucent door, spattered with blood here.
Items here: ††††.
You sock the worm!
The worm is moderately wounded.
The giant cockroach waves its antennae.
The giant cockroach bites you. x2; The worm bites you.
The giant cockroach bites you but does no damage.
The giant cockroach barely misses you.
The giant cockroach waves its antennae.
You block the giant cockroach's attack. The giant cockroach bites you.
You barely miss the giant cockroach. The giant cockroach barely misses you.
The giant cockroach bites you. You block the giant cockroach's attack.
The giant cockroach bites you but does no damage.
You closely miss the giant cockroach. The giant cockroach barely misses you.
The worm bites you but does no damage.
You block the giant cockroach's attack. x2
You barely miss the giant cockroach. You block the giant cockroach's attack.
The worm bites you.
The giant cockroach bites you but does no damage.
You block the giant cockroach's attack.
You closely miss the giant cockroach. You block the giant cockroach's attack.
The giant cockroach completely misses you.
The worm bites you!
* * * LOW HITPOINT WARNING * * *
You block the giant cockroach's attack. The giant cockroach bites you.
* * * LOW HITPOINT WARNING * * *
You hit the giant cockroach.
You kill the giant cockroach!
The giant cockroach bites you.
* * * LOW HITPOINT WARNING * * *
The worm bites you!
You die...

###+#######+###
#..⌠...>...⌠..#
#......<......#
+⌠....###....⌠+
#.....B@......#
#######w#######
#.............#
#.........$...#
#.............#
###############


You could see a worm and a giant cockroach.

Vanquished Creatures
  3 endoplasms (D:1)
  3 giant cockroaches (D:1)
  A jackal (D:1)
  2 rats (D:1)
9 creatures vanquished.

Notes
Turn   | Place    | Note
-------+----------+-------------------------------------------
     0 | D:1      | issech the Troll Fighter began the quest for the Orb.
     0 | D:1      | Reached XP level 1. HP: 22/22 MP: 0/0
     1 | D:1      | Found a runed translucent door.
    50 | D:1      | Reached XP level 2. HP: 28/29 MP: 1/1
    58 | D:1      | Slain by a worm

Illustrated notes

Levels and vault maps discovered:
D:1:      dpeg_arrival_caged_fury, layout_loops_cross

Action                   || total
-------------------------++-------
Melee: Flail             ||    35
Armor: Robe              ||    34
Dodge: Dodged            ||    16
Block: Kite shield       ||    25

Table legend: (Time is in decaauts)
 A = Elapsed time spent in this place.
 B = Non-inter-level travel time spent in this place.
 C = Inter-level travel time spent in this place.
 D = Time resting spent in this place.
 E = Time spent auto-exploring this place.
 F = Levels seen in this place.
 G = Mean time per level.
                   A        B        C        D        E       F      G
               +--------+--------+--------+--------+--------+-----+--------+
         Total |     73 |     73 |      0 |      0 |      0 |   1 |   73.0 |
       Dungeon |     73 |     73 |      0 |      0 |      0 |   1 |   73.0 |
               +--------+--------+--------+--------+--------+-----+--------+

Top non-repeatable levels by time:
     D:1: 73 daAuts
